 Dungeon Crawl Stone Soup version 0.30.1-3-gfc49f6343a (webtiles) character file.

Game seed: 15382304009931677796

30 javelincjr the Sneak (level 3, 0/16 HPs)
             Began as a Spriggan Conjurer on Aug 1, 2023.
             Slain by Terence
             ... wielding a +4 mace of protection
              (11 damage)
             ... on level 2 of the Dungeon.
             The game lasted 00:05:12 (1503 turns).

javelincjr the Sneak (Spriggan Conjurer)            Turns: 1503, Time: 00:05:13

Health: 0/16       AC:  2    Str:  5    XL:     3   Next: 5%
Magic:  6/8        EV: 17    Int: 19    God:
Gold:   54         SH:  0    Dex: 13    Spells: 5/8 levels left

rFire   + . .        m - +2 dagger (pain)
rCold   . . .        (no shield)
rNeg    . . .        a - +0 robe
rPois   .            (helmet restricted)
rElec   .            (no cloak)
rCorr   .            (gloves unavailable)
SInv    +            (boots unavailable)
Will    .....        n - amulet of regeneration
Stlth   ++           h - ring of protection from fire
HPRegen 1.02/turn    (no ring)
MPRegen 0.11/turn

%: no passive effects
@: very quick
A: very small, no large weapons, unfitting armour, see invisible, speed 3
a: no special abilities


You were on level 2 of the Dungeon.
You visited 1 branch of the dungeon, and saw 2 of its levels.

You collected 54 gold pieces.

Inventory:

Hand Weapons
 d - a +0 dagger
 m - a +2 dagger of pain (weapon)
Missiles
 k - 2 poisoned darts
 l - 17 stones
Armour
 a - a +0 robe (worn)
Jewellery
 h - a ring of protection from fire (left hand)
 n - an amulet of regeneration (around neck)
Scrolls
 c - 2 scrolls of fog {unknown}
 f - a scroll of poison {unknown}
 i - 2 scrolls of identify {unknown}
Potions
 b - a potion of magic
 e - a potion of degeneration {unknown}
 g - 4 potions of curing {unknown}
 j - 2 potions of might {unknown}


   Skills:
 + Level 3.3 Dodging
 + Level 3.8 Stealth
 + Level 3.1 Spellcasting
 + Level 3.1 Conjurations


You had 5 spell levels left.
You knew the following spells:

 Your Spells              Type           Power      Damage    Failure   Level
a - Magic Dart            Conj           60%        1d6       4%          1
b - Searing Ray           Conj           30%        2d5       6%          2

Your spell library contained the following spells:

 Spells                   Type           Power      Damage    Failure   Level
 Cigotuvi's Dreadful Rot  Necr/Pois/Air  6%         N/A       22%         2
 Dazzling Flash           Conj/Hex       18%        N/A       24%         3
 Ignite Poison            Fire/Tmut/Pois 3%         N/A       41%         3
 Fulminant Prism          Conj/Hex       4%         3d5       61%         4
 Iskenderun's Mystic Bla  Conj/Tloc      9%         2d4       61%         4
 Freezing Cloud           Conj/Ice/Air   3%         6-21      95%         5


Dungeon Overview and Level Annotations

Branches:
Dungeon (2/15)

Altars:

Shops:
D:2 [

Annotations:
D:2 Terence


Innate Abilities, Weirdness & Mutations

You are very small and have problems with some larger weapons.
You are too small for most types of armour.
You have supernaturally acute eyesight. (SInv)
You cover ground extremely quickly. (Speed+++)


Message History

The helpless hobgoblin fails to defend itself.
You puncture the hobgoblin!
You kill the hobgoblin!
No target in view!
You see here a hobgoblin corpse.
n - an amulet of regeneration You start putting on your amulet.
You continue putting on your amulet of regeneration. x5
You finish putting on your amulet of regeneration.
The amulet throbs as it attunes itself to your uninjured body.
n - an amulet of regeneration (around neck)
You open the door.
There is an open door here.
There is a stone staircase leading up here.
You open the door.
A bat comes into view.
There is an open door here.
The helpless bat fails to defend itself.
You puncture the bat!
You kill the bat!
No target in view!
You see here a bat corpse.
Terence the Incautious comes into view.
He is wielding a +4 mace of protection.
A rat comes into view.
Terence shouts!
You hear an angry hiss.
Terence barely misses you.
You hit Terence but do no damage.
Terence hits you with a +4 mace of protection!
You barely miss Terence. Your punch misses Terence. Terence misses you.
Casting: Magic Dart (safe; 4% risk of failure)
Confirm with . or Enter, or press ? or * to list all spells.
Aiming: Searing Ray (safe; 6% risk of failure)
Press: ? - help, Shift-Dir - straight line, f - Terence
Aim: Terence, wielding a +4 mace of protection and wearing a +0 scale mail (79% to hit)
The searing ray hits Terence.
Terence is moderately wounded. (Press . to maintain the ray.) Terence hits you with a +4 mace of protection!
Ouch! That really hurt!
You die...

≈≈≈≈≈###.### #######....
# #..# ### #######..###
#.. ...........# #.#
.######....##.##.#### ##
#..............# #
##...###.##@##.# # #
#.......##@##.###.# #
##.#######........## #
#.# #.........# ##'##
#.##.####r# ##...##
#.##.# # ##.....##
#.##.## # ##.......##
#.#†..#
####.........###.....##
...'<........'...........


You could see Terence.

Vanquished Creatures
  A dart slug (D:1)
  A ball python (D:1)
  3 bats
  An endoplasm (D:1)
  A giant cockroach (D:1)
  3 goblins (D:1)
  6 hobgoblins
  A jackal (D:2)
  3 quokkas
  2 frilled lizards (D:1)
  A kobold (D:1)
  A rat (D:1)
24 creatures vanquished.

Notes
Turn   | Place    | Note
-------+----------+-------------------------------------------
     0 | D:1      | javelincjr the Spriggan Conjurer began the quest for the
                  | Orb.
     0 | D:1      | Reached XP level 1. HP: 9/9 MP: 5/5
   418 | D:1      | Reached XP level 2. HP: 13/13 MP: 4/6
  1016 | D:1      | Found a faded altar of an unknown god.
  1260 | D:1      | Learned a level 2 spell: Searing Ray
  1361 | D:2      | Found Kegrunki's Antique Armour Boutique.
  1419 | D:2      | Reached XP level 3. HP: 16/16 MP: 8/8
  1496 | D:2      | Noticed Terence
  1503 | D:2      | Slain by Terence

Illustrated notes

Levels and vault maps discovered:
D:1:      wander_arrival_peaceful_grave, layout_basic,
          chequers_ecumenical_altar_lobes
D:2:      layout_loops_corners, serial_shops, shop, nicolae_shop_peninsula,
          shop, minmay_misc_feat_x, minmay_puff, uniq_natasha, uniq_terence

Skill      XL: |  1  2 |
---------------+-------+-----
Conjurations   | 3 |  3.1
Dodging        | 3 |  3.3
Spellcasting   | 3 |  3.1
Stealth        | |  3.8

Action                     || total
---------------------------++-------
  Melee: Dagger            ||    27
   Cast: Magic Dart        ||    52
         Searing Ray       ||     1
   Stab: Sleeping          ||     5
 Armour: Robe              ||     2
  Dodge: Dodged            ||    18
